 Dungeon Crawl Stone Soup version 0.28.0-53-g5a82cb258f (webtiles) character file.

Game seed: 6503223158181792340

236 Condegh the Digger (level 5, -3/41 HPs)
             Began as a Demigod Earth Elementalist on Aug 1, 2022.
             Slain by an orc
             ... wielding a +0 flail
              (8 damage)
             ... on level 4 of the Dungeon.
             The game lasted 00:18:52 (4554 turns).

Condegh the Digger (Demigod Earth Elementalist)     Turns: 4554, Time: 00:18:53

Health: -3/41      AC:  2    Str:  9    XL:     5   Next: 47%
Magic:  12/21      EV: 12    Int: 21    God:
Gold:   141        SH:  0    Dex: 14    Spells: 5/9 levels left

rFire   . . .      SeeInvis .   m - +0 flail
rCold   . . .      Faith    .   (no shield)
rNeg    . . .      Spirit   .   b - +0 robe
rPois   .          Reflect  .   (no helmet)
rElec   .          Harm     .   (no cloak)
rCorr   .          Rampage  .   (no gloves)
Will    .....                   (no boots)
Stlth   ++........              (no amulet)
HPRegen 0.13/turn               n - ring of magical power
MPRegen 0.17/turn               (no ring)

@: very slightly contaminated
A: high MP 1, forlorn, divine attributes
a: no special abilities


You were on level 4 of the Dungeon.
You visited 1 branch of the dungeon, and saw 4 of its levels.

You collected 141 gold pieces.

Inventory:

Hand Weapons
 a - a +0 dagger
 i - a +0 club
 m - a +0 flail (weapon)
Missiles
 c - 112 stones
Armour
 b - a +0 robe (worn)
Jewellery
 n - a ring of magical power (left hand)
Scrolls
 e - a scroll of fear {unknown}
 h - 2 scrolls of magic mapping {unknown}
 l - a scroll of noise {unknown}
 o - a scroll of blinking {unknown}
 q - a scroll of enchant weapon {unknown}
 r - a scroll of vulnerability {unknown}
Potions
 d - 2 potions of attraction {unknown}
 f - a potion of flight {unknown}
 g - 2 potions of ambrosia {unknown}
 j - a potion of lignification {unknown}
 k - a potion of resistance {unknown}
 p - a potion of magic {unknown}


   Skills:
 - Level 2.0 Fighting
 + Level 1.8 Maces & Flails
 - Level 2.0 Dodging
 - Level 1.7 Stealth
 + Level 2.9 Spellcasting
 + Level 1.4 Conjurations
 - Level 0.8 Transmutations
 + Level 3.8 Earth Magic


You had 5 spell levels left.
You knew the following spells:

 Your Spells              Type           Power      Damage    Failure   Level
a - Sandblast             Erth           38%        2d10      2%          1
b - Stone Arrow           Conj/Erth      28%        3d8       14%         3

Your spell library contained the following spells:

 Spells                   Type           Power      Damage    Failure   Level
 Passwall                 Tmut/Erth      10%        N/A       8%          2
 Apportation              Tloc           6%         N/A       14%         1
 Petrify                  Tmut/Erth      12%        N/A       45%         4
 Alistair's Intoxication  Tmut/Pois      2%         N/A       97%         5


Dungeon Overview and Level Annotations

Branches:
Dungeon (4/15)
 Temple: D:4-7

Annotations:
D:4 Eustachio


Innate Abilities, Weirdness & Mutations

You have an increased reservoir of magic. (+10% MP)
You shall have no god before yourself.
Your divine heritage dramatically boosts your attributes as you level up.


Message History

Eustachio is heavily wounded.
The orc barely misses you.
Eustachio reads a scroll.
Wisps of shadow swirl around Eustachio.
A hobgoblin comes into view.
The orc completely misses you.
Casting: Sandblast (safe; 2% risk of failure)
Confirm with . or Enter, or press ? or * to list all spells.
Aiming: Sandblast (safe; 2% risk of failure)
Press: ? - help, Shift-Dir - straight line, f/p - Eustachio
Aim: Eustachio, wielding a +0 rapier, wearing a +0 leather armour and carrying a wand of acid (6) (heavily wounded, 71% to hit)
The blast of sand hits Eustachio.
Eustachio is heavily wounded.
The orc misses you. Eustachio barely misses you. The orc misses you.
The hobgoblin hits you.
* * * LOW HITPOINT WARNING * * *
Casting: Sandblast (safe; 2% risk of failure)
Confirm with . or Enter, or press ? or * to list all spells.
Aiming: Sandblast (safe; 2% risk of failure)
Press: ? - help, Shift-Dir - straight line, f/p - Eustachio
Aim: Eustachio, wielding a +0 rapier, wearing a +0 leather armour and carrying a wand of acid (6) (heavily wounded, 71% to hit)
The blast of sand hits Eustachio!
Eustachio is severely wounded.
The orc closely misses you.
Eustachio gestures wildly while chanting.
The orc hits you with a +0 flail.
* * * LOW HITPOINT WARNING * * *
The hobgoblin hits you.
* * * LOW HITPOINT WARNING * * *
Casting: Sandblast (safe; 2% risk of failure)
Confirm with . or Enter, or press ? or * to list all spells.
Aiming: Stone Arrow (dangerous; 14% risk of failure)
Press: ? - help, Shift-Dir - straight line, f/p - Eustachio
Aim: Eustachio, wielding a +0 rapier, wearing a +0 leather armour and carrying a wand of acid (6) (severely wounded, 56% to hit)
You miscast Stone Arrow.
You are very lightly contaminated with residual magic.
Nothing appears to happen.
The orc hits you with a +0 dagger.
* * * LOW HITPOINT WARNING * * *
Eustachio gestures wildly while chanting.
The orc hits you with a +0 flail!
You die...

..# #######.######. ..#
#...# ..# #...# ###
..########...###..
..................
..####.........#o#
.#...'.........#Z#
.#.###.........#@# .#.#
#........Kg@# .#.#
#.........oo#
.#.########+#..5g#
.#...)....#.#....# #
.###...##.#.#..#.##.####.
.......#..#.#.....)......
...............#.†#.#####
#####.....#.#..#..# #
..(.....#.#..#....


You could see Eustachio, 3 orcs, an ufetubus (summoned), 2 hobgoblins, a kobold
(summoned) and an adder skeleton (summoned).

Vanquished Creatures
  2 orc priests (D:3)
  A hound (D:3)
  An orc wizard (D:3)
  3 adders
  3 worms
  4 dart slugs
  6 orcs
  2 ball pythons (D:2)
  3 endoplasms
  3 giant cockroaches
  5 goblins
  5 hobgoblins
  8 jackals
  3 quokkas
  6 bats
  5 frilled lizards (D:1)
  A jackal skeleton (D:4)
  6 kobolds
  7 rats
74 creatures vanquished.

Notes
Turn   | Place    | Note
-------+----------+-------------------------------------------
     0 | D:1      | Condegh the Demigod Earth Elementalist began the quest for
                  | the Orb.
     0 | D:1      | Reached XP level 1. HP: 14/14 MP: 5/5
   491 | D:1      | Reached XP level 2. HP: 12/22 MP: 4/7
   774 | D:1      | Reached skill level 3 in Earth Magic
   776 | D:1      | Reached skill level 1 in Fighting
  2065 | D:2      | Reached XP level 3. HP: 28/28 MP: 6/8
  3273 | D:2      | Learned a level 3 spell: Stone Arrow
  3409 | D:3      | Reached XP level 4. HP: 35/35 MP: 7/10
  3419 | D:3      | Reached skill level 1 in Maces & Flails
  3428 | D:3      | Reached skill level 1 in Conjurations
  3428 | D:3      | Reached XP level 5. HP: 34/41 MP: 0/11
  4541 | D:4      | Noticed Eustachio
  4554 | D:4      | Slain by an orc

Illustrated notes

Levels and vault maps discovered:
D:1:      sevenhm_arrival_forest_fort_small_5, layout_basic
D:2:      layout_basic
D:3:      layout_loops_ring, old_standard_altar, kennysheep_orc_chapel
D:4:      layout_basic, gammafunk_ghost_arena, chequers_serial_rivers_micro_c,
          uniq_robin, uniq_eustachio

Skill      XL: |  1  2  3  4 |
---------------+-------------+-----
Dodging        | 2 |  2.0
Spellcasting   | 2 |  2.9
Earth Magic    | 3 |  3.8
Fighting       | 1 2 |  2.0
Maces & Flails | 1 |  1.8
Conjurations   | 1 |  1.4
Stealth        | |  1.7
Transmutations | |  0.8

Action                   |  1- 3 |  4- 6 || total
-------------------------+-------+-------++-------
Melee: Dagger            |   131 |       ||   131
       Club              |    82 |     1 ||    83
       Punch             |     4 |     2 ||     6
       Flail             |       |    77 ||    77
 Cast: Sandblast         |    27 |    23 ||    50
 Stab: Sleeping          |     4 |     2 ||     6
Armor: Robe              |    45 |    18 ||    63
Dodge: Dodged            |   161 |    79 ||   240
